 Dungeon Crawl Stone Soup version 0.20-a0-809-gaf7f668 (webtiles) character file.

294 Stoats the Slasher (level 6, -8/47 HPs)
             Began as a Barachian Fighter on Mar 3, 2017.
             Mangled by Goblin1989's ghost (12 damage)
             ... on level 4 of the Dungeon.
             The game lasted 00:03:46 (3265 turns).

Stoats the Slasher (Barachian Fighter)              Turns: 3265, Time: 00:03:47

Health: -8/47      AC:  8    Str: 22    XL:     6   Next: 33%
Magic:  15/15      EV:  7    Int:  8    God:
Gold:   183        SH:  9    Dex: 14    Spells: 5/5 levels left

rFire    . . .     SeeInvis .   a - +0 long sword
rCold    . . .     Gourm    .   b - +0 scale mail
rNeg     . . .     Faith    .   c - +0 shield
rPois    .         Spirit   .   (no helmet)
rElec    .         Reflect  .   (no cloak)
rCorr    .         Harm     .   (no gloves)
MR       .....                  n - +0 pair of boots
Stlth    ..........             (no amulet)
Regen    0.2/turn               (no ring)
MPRegen  0.2/turn               e - ring of magical power

@: mighty, slow
A: +LOS, swims, slowness 1, strong legs 1
a: Hop


You were on level 4 of the Dungeon.
You were not hungry.

You visited 1 branch of the dungeon, and saw 4 of its levels.

You collected 183 gold pieces.

Inventory:

Hand Weapons
 a - a +0 long sword (weapon)
Armour
 b - a +0 scale mail (worn)
 c - a +0 shield (worn)
 n - a +0 pair of boots (worn)
Jewellery
 e - a ring of magical power (left hand)
Wands
 o - a wand of enslavement (15/24)
Scrolls
 h - a scroll of remove curse
 j - 2 scrolls of identify
 m - 2 scrolls of recharging
Comestibles
 f - 3 bread rations
 g - 3 royal jellies
 i - a meat ration


   Skills:
 - Level 3.6 Fighting
 + Level 7.8 Long Blades
 - Level 3.6 Armour
 - Level 3.2 Shields


You had 5 spell levels left.
You didn't know any spells.

Dungeon Overview and Level Annotations

Branches:
Dungeon (4/15)
 Temple: D:4-7

Altars:
Dithmenos
Vehumet

Portals:
Ossuary: D:4

Annotations:
D:4 Goblin1989's ghost, amateur BaFi


Innate Abilities, Weirdness & Mutations

Shadows flee at your approach. (+LOS)
You can swim through water.
You cover ground slowly.
You can hop short distances.


Message History

Goblin1989's ghost is heavily damaged.
Goblin1989's ghost barely misses you.
You riposte.
You slash Goblin1989's ghost!
Goblin1989's ghost is severely damaged.
You completely miss Goblin1989's ghost.
Goblin1989's ghost is severely damaged.
Goblin1989's ghost hits you!
* * * LOW HITPOINT WARNING * * *
You barely miss Goblin1989's ghost.
Goblin1989's ghost is severely damaged.
Goblin1989's ghost hits you!
* * * LOW HITPOINT WARNING * * *
You hit Goblin1989's ghost.
Goblin1989's ghost is almost destroyed.
Goblin1989's ghost hits you.
* * * LOW HITPOINT WARNING * * *
Your shield prevents you from hitting Goblin1989's ghost.
Goblin1989's ghost is almost destroyed.
Goblin1989's ghost hits you!
You die...

#######..............#
##..................## ....
...######..........## .... ##
###.##.##### .... . #...##.#
..... . #######.#....# ....?
##.......###..# #.....
.#..####### ##.#### ##......
.....# #..@.# ##.....$. ###..##
##.##W#######........ #...###
##..##...............#
##....####..####..............#
##......†.#####...............
###.........##...............
###...###.##.......##......
#..#.# .#.......# ###...
#..##..# #......># ...


You could see Goblin1989's ghost.

Vanquished Creatures
  A phantom (D:4)
  A hound (D:4)
  An orc priest (D:3)
  An adder (D:4)
  5 gnolls
  An ooze (D:2)
  3 worms
  2 dart slugs
  3 leopard geckos
  3 orcs
  3 ball pythons
  4 bats
  2 giant cockroaches
  7 hobgoblins
  7 jackals
  11 kobolds
  A quokka (D:3)
  3 frilled lizards
  7 goblins
  8 rats
74 creatures vanquished.

Notes
Turn   | Place    | Note
-------+----------+-------------------------------------------
     0 | D:1      | Stoats the Barachian Fighter began the quest for the Orb.
     0 | D:1      | Reached XP level 1. HP: 18/18 MP: 1/1
   118 | D:1      | Reached skill level 3 in Long Blades
   123 | D:1      | Reached XP level 2. HP: 17/24 MP: 2/2
   942 | D:2      | Reached skill level 4 in Long Blades
   968 | D:2      | Reached XP level 3. HP: 27/29 MP: 3/3
  1108 | D:2      | Found a radiant altar of Vehumet.
  1129 | D:2      | Found a shadowy altar of Dithmenos.
  1369 | D:2      | Reached skill level 5 in Long Blades
  1476 | D:2      | Reached XP level 4. HP: 32/36 MP: 4/4
  2197 | D:3      | Reached skill level 6 in Long Blades
  2285 | D:3      | Reached XP level 5. HP: 41/41 MP: 5/5
  2652 | D:4      | Noticed Goblin1989's ghost (amateur BaFi)
  3162 | D:4      | Noticed a phantom
  3175 | D:4      | Killed a phantom
  3175 | D:4      | Reached skill level 7 in Long Blades
  3175 | D:4      | Reached XP level 6. HP: 29/47 MP: 6/6
  3238 | D:4      | Found a sand-covered staircase.
  3265 | D:4      | Mangled by Goblin1989's ghost

Vault maps used:
D:1:      dpeg_arrival_arbitrary_b
D:2:      old_standard_altar, old_standard_altar, first_bread
D:4:      marbit_many_paths, lemuel_round_altar, nicolae_ossuary_entry_ruins

Skill      XL: |  1  2  3  4  5 |
---------------+----------------+-----
Long Blades    | 3 4 5 6 7 |  7.8
Fighting       | |  3.6
Armour         | |  3.6
Shields        | |  3.2

Action                   |  1- 3 |  4- 6 || total
-------------------------+-------+-------++-------
Melee: Long sword        |   122 |   154 ||   276
  Use: Scroll            |       |     4 ||     4
       Potion            |       |     4 ||     4
  Eat: Chunk             |     2 |     7 ||     9
Armor: Scale mail        |    71 |    59 ||   130
Dodge: Dodged            |    41 |    36 ||    77
Block: Shield            |    71 |    83 ||   154
       Rpst.: Long sword |    16 |    13 ||    29
